[Event "EYCC Girls-U14 2019"]
[Site "Bratislava"]
[Date "2019.08.04"]
[Round "3.17"]
[White "Eraslan, Yagmur"]
[Black "Reuter, Elisa"]
[Result "1-0"]
[ECO "B30"]
[WhiteElo "1651"]
[BlackElo "1930"]
[Annotator "NA"]
[PlyCount "147"]
[EventDate "2019.08.02"]
[EventType "swiss"]
[EventCountry "SVK"]
[SourceTitle "playchess.com"]
[Source "ChessBase"]
[SourceQuality "1"]
[TimeControl "40/5400+30:1800+30"]

1. e4 c5 2. Nf3 Nc6 3. Bb5 d6 4. O-O e5 5. c3 Bg4 6. h3 Bh5 7. Re1 Be7 8. g4 Bg6 9. d4 Qc7 10. d5 a6 11. Qa4 Rc8 12. Bxc6+ bxc6 13. Qxa6 cxd5 14. Qb5+ Qd7 15. Qxd7+ Kxd7 16. exd5 Nf6 17. c4 Ne8 18. Nc3 Nc7 19. a3 Rb8 20. Ne4 f5 21. Ng3 fxg4 22. hxg4 Rhf8 23. Kg2 Bd3 24. Ne4 Bxc4 25. Nxc5+ Ke8 26. Ne4 Bxd5 27. b4 Kd7 28. Bd2 Ne6 29. Kg3 Nf4 30. Re3 h5 31. Nc3 hxg4 32. Nxe5+ dxe5 33. Rxe5 Bd6 34. Bxf4 Bxe5 35. Bxe5 Rbe8 36. Bxg7 Rf5 37. Rd1 Ke6 38. Nxd5 Rxd5 39. Re1+ Kd7 40. Rxe8 Kxe8 41. Kxg4 Rd3 42. f4 Rxa3 43. Bd4 Rb3 44. Bc5 Rc3 45. Kf5 Rc4 46. Ke5 Kd8 47. f5 Ke8 48. Kd5 Rf4 49. Ke6 Re4+ 50. Kf6 Rc4 51. Ke5 Kd8 52. f6 Ke8 53. Kd5 Rf4 54. Be7 Kf7 55. Kc5 Rf1 56. b5 Rc1+ 57. Kb6 Rb1 58. Ka6 Ra1+ 59. Kb7 Rb1 60. b6 Rc1 61. Kb8 Rb1 62. b7 Rd1 63. Kc7 Rc1+ 64. Kd6 Rd1+ 65. Kc6 Rb1 66. Bd8 Rc1+ 67. Kb5 Rb1+ 68. Ka6 Ra1+ 69. Ba5 Rb1 70. Bb6 Ra1+ 71. Kb5 Rb1+ 72. Kc5 Rc1+ 73. Kd4 Rd1+ 74. Kc3 1-0

[Event "EYCC Girls-U14 2019"]
[Site "Bratislava"]
[Date "2019.08.04"]
[Round "3.18"]
[White "Blokhin, Sofia"]
[Black "Kozachenko, Maria"]
[Result "1/2-1/2"]
[ECO "B90"]
[WhiteElo "1725"]
[BlackElo "1865"]
[Annotator "NA"]
[PlyCount "136"]
[EventDate "2019.08.02"]
[EventType "swiss"]
[EventCountry "SVK"]
[SourceTitle "playchess.com"]
[Source "ChessBase"]
[SourceQuality "1"]
[TimeControl "40/5400+30:1800+30"]

1. e4 c5 2. Nf3 d6 3. d4 cxd4 4. Nxd4 Nf6 5. Nc3 a6 6. f3 h5 7. Be3 e5 8. Nb3 Be6 9. Qd2 Nbd7 10. O-O-O Rc8 11. Kb1 b5 12. a3 Be7 13. h3 h4 14. f4 O-O 15. Rg1 Nh5 16. f5 Bc4 17. Bf2 Rc6 18. g3 Bxf1 19. Rdxf1 Ndf6 20. gxh4 Nf4 21. Be3 Rxc3 22. Bxf4 Rc7 23. Bh6 Ne8 24. h5 Kh7 25. Be3 Rd7 26. Qg2 Bf6 27. Qg4 Rg8 28. h6 g6 29. fxg6+ fxg6 30. Bb6 Qe7 31. Bf2 Kxh6 32. Be3+ Kh7 33. Rf5 Rg7 34. Rf3 Rc7 35. h4 Qd7 36. Qg2 Qe6 37. Rg3 Qf7 38. Nc1 Rb7 39. Na2 a5 40. Bd2 Ra7 41. Qe2 Bd8 42. Qe3 Qe7 43. Qh6+ Kg8 44. Rxg6 Qxh4 45. Qe3 Raf7 46. Nc3 Nf6 47. Be1 Qf4 48. Qh3 Rxg6 49. Rxg6+ Rg7 50. Qe6+ Kh7 51. Rxg7+ Kxg7 52. Qxd6 Qf1 53. Qxd8 Qxe1+ 54. Ka2 b4 55. axb4 axb4 56. Qe7+ Kg6 57. Qxb4 Qf2 58. Qa4 Qc5 59. Qa6 Kg5 60. Qe6 Qa7+ 61. Kb3 Ng4 62. Qd5 Qb6+ 63. Nb5 Kf4 64. Ka4 Ne3 65. Qf7+ Kg3 66. Qc7 Qa6+ 67. Qa5 Qc6 68. Qe1+ Kf3 1/2-1/2

[Event "EYCC Girls-U14 2019"]
[Site "Bratislava"]
[Date "2019.08.04"]
[Round "3.19"]
[White "Kralj, Nika"]
[Black "Dakic, Marta"]
[Result "0-1"]
[ECO "B28"]
[WhiteElo "1807"]
[BlackElo "1680"]
[Annotator "NA"]
[PlyCount "92"]
[EventDate "2019.08.02"]
[EventType "swiss"]
[EventCountry "SVK"]
[SourceTitle "playchess.com"]
[Source "ChessBase"]
[SourceQuality "1"]
[TimeControl "40/5400+30:1800+30"]

1. e4 c5 2. Nf3 a6 3. Nc3 b5 4. a3 Bb7 5. d4 cxd4 6. Nxd4 g6 7. Be2 Bg7 8. f4 d6 9. O-O Nd7 10. Bf3 Ngf6 11. Nb3 O-O 12. Be3 Qc7 13. Qe1 Rfe8 14. Qf2 Rac8 15. Rad1 Red8 16. f5 Qb8 17. Qh4 Re8 18. Bh6 Bh8 19. Qf4 Ne5 20. h4 Qa7+ 21. Kh1 Ba8 22. fxg6 hxg6 23. h5 Rcd8 24. Bg5 Rc8 25. Nd4 Rc4 26. Nce2 Nh7 27. Bh6 Nf6 28. Bg5 Nh7 29. Bh6 Nf6 30. hxg6 Nxg6 31. Qe3 e6 32. b3 Rcc8 33. Ng3 Qc5 34. Rd2 Qc3 35. Qg5 Qc5 36. Qe3 Bg7 37. Bxg7 Kxg7 38. Ngf5+ exf5 39. Nxf5+ Qxf5 40. exf5 Rxe3 41. fxg6 Bxf3 42. gxf3 d5 43. gxf7 Kxf7 44. Kg2 Rec3 45. Rff2 a5 46. Kg3 a4 0-1

[Event "EYCC Girls-U14 2019"]
[Site "Bratislava"]
[Date "2019.08.04"]
[Round "3.20"]
[White "Kasaeva, Sofiia"]
[Black "Croisille, Shanti"]
[Result "1-0"]
[ECO "B79"]
[WhiteElo "1897"]
[BlackElo "1695"]
[Annotator "NA"]
[PlyCount "83"]
[EventDate "2019.08.02"]
[EventType "swiss"]
[EventCountry "SVK"]
[SourceTitle "playchess.com"]
[Source "ChessBase"]
[SourceQuality "1"]
[TimeControl "40/5400+30:1800+30"]

1. e4 c5 2. Nf3 d6 3. d4 cxd4 4. Nxd4 Nf6 5. Nc3 g6 6. Be3 Bg7 7. f3 O-O 8. Qd2 Nc6 9. Bc4 Bd7 10. O-O-O Qa5 11. Bb3 Rfc8 12. h4 Ne5 13. Kb1 Nc4 14. Bxc4 Rxc4 15. Nb3 Qc7 16. g4 b5 17. e5 Ne8 18. Nd5 Qd8 19. Bg5 f6 20. Bh6 Be6 21. Bxg7 Kxg7 22. exf6+ exf6 23. g5 Qc8 24. Ne3 Rf4 25. h5 Bf7 26. Nd5 Rxf3 27. hxg6 Bxg6 28. Ne7 Qxc2+ 29. Qxc2 Bxc2+ 30. Kxc2 fxg5 31. Nd4 Rf2+ 32. Rd2 Rxd2+ 33. Kxd2 a6 34. Ndf5+ Kh8 35. Ke3 Rd8 36. Rh5 g4 37. Rg5 Nf6 38. Kf4 b4 39. Ke3 Re8 40. Kd3 Rd8 41. Nh6 Rf8 42. Nef5 1-0

[Event "EYCC Girls-U14 2019"]
[Site "Bratislava"]
[Date "2019.08.04"]
[Round "3.21"]
[White "Varekha, Anna"]
[Black "Katter, Katharina"]
[Result "0-1"]
[ECO "C99"]
[WhiteElo "1643"]
[BlackElo "1824"]
[Annotator "NA"]
[PlyCount "85"]
[EventDate "2019.08.02"]
[EventType "swiss"]
[EventCountry "SVK"]
[SourceTitle "playchess.com"]
[Source "ChessBase"]
[SourceQuality "1"]
[TimeControl "40/5400+30:1800+30"]

1. e4 e5 2. Nf3 Nc6 3. Bb5 a6 4. Ba4 Nf6 5. O-O Be7 6. Re1 b5 7. Bb3 d6 8. c3 O-O 9. h3 Na5 10. Bc2 c5 11. d4 Qc7 12. Nbd2 cxd4 13. cxd4 Rd8 14. Nf1 exd4 15. Nxd4 d5 16. e5 Ne4 17. Bf4 Qb6 18. Be3 Bc5 19. a3 Nc4 20. b4 Bf8 21. Nf3 Qc7 22. Bd4 Bb7 23. Qd3 g6 24. Rac1 a5 25. Ne3 axb4 26. Nxc4 bxc4 27. Qe3 Rxa3 28. Qf4 Qd7 29. Qh4 Rc8 30. Bxe4 dxe4 31. Ng5 h6 32. Nxe4 Bxe4 33. Qxe4 Rd3 34. Red1 Rxd1+ 35. Rxd1 Bc5 36. Rd2 Bxd4 37. Rxd4 Qc6 38. Rd8+ Kg7 39. Qd4 Rxd8 40. Qxd8 c3 41. Qd4 c2 42. e6+ Kh7 43. Qd1 0-1

[Event "EYCC Girls-U14 2019"]
[Site "Bratislava"]
[Date "2019.08.04"]
[Round "3.22"]
[White "Mihelic, Vesna"]
[Black "Zvereva, Margarita"]
[Result "1-0"]
[ECO "B13"]
[WhiteElo "1844"]
[BlackElo "1693"]
[Annotator "NA"]
[PlyCount "61"]
[EventDate "2019.08.02"]
[EventType "swiss"]
[EventCountry "SVK"]
[SourceTitle "playchess.com"]
[Source "ChessBase"]
[SourceQuality "1"]
[TimeControl "40/5400+30:1800+30"]

1. e4 c6 2. d4 d5 3. exd5 cxd5 4. Bf4 Nc6 5. c3 Bf5 6. Bd3 Bxd3 7. Qxd3 e6 8. Nf3 Bd6 9. Bxd6 Qxd6 10. O-O Nge7 11. Re1 Ng6 12. Nbd2 O-O 13. Qe3 Rfe8 14. Ne5 Ngxe5 15. dxe5 Qe7 16. Rad1 b5 17. a3 Na5 18. b4 Nc4 19. Nxc4 bxc4 20. a4 f6 21. Qd4 fxe5 22. Qxe5 Qf6 23. f4 Rad8 24. g3 Qg6 25. Qd4 Rd7 26. Re5 Kf7 27. Rde1 Rde7 28. f5 exf5 29. Qxd5+ Re6 30. Rxe6 Rxe6 31. Qd7+ 1-0

[Event "EYCC Girls-U14 2019"]
[Site "Bratislava"]
[Date "2019.08.04"]
[Round "3.23"]
[White "Kucharska, Helena"]
[Black "Lomaia, Diana"]
[Result "1/2-1/2"]
[ECO "B90"]
[WhiteElo "1543"]
[BlackElo "1807"]
[Annotator "NA"]
[PlyCount "93"]
[EventDate "2019.08.02"]
[EventType "swiss"]
[EventCountry "SVK"]
[SourceTitle "playchess.com"]
[Source "ChessBase"]
[SourceQuality "1"]
[TimeControl "40/5400+30:1800+30"]

1. e4 c5 2. Nf3 d6 3. d4 cxd4 4. Nxd4 Nf6 5. Nc3 a6 6. h3 e6 7. Be3 Nc6 8. g4 Nd7 9. Bg2 Be7 10. Qd2 Nde5 11. b3 Ng6 12. O-O O-O 13. Rad1 Nxd4 14. Bxd4 e5 15. Be3 Be6 16. Nd5 Bxd5 17. Qxd5 Qc7 18. c4 Rad8 19. Kh1 b6 20. Qd2 Qb8 21. Rb1 Rc8 22. Kh2 Qc7 23. Rbc1 Rfd8 24. Rh1 Nh4 25. g5 Qb7 26. f3 Nxg2 27. Kxg2 b5 28. h4 bxc4 29. bxc4 Rb8 30. h5 Qb4 31. Qd3 Qa5 32. Rc2 f6 33. g6 h6 34. c5 dxc5 35. Qc4+ Kh8 36. Qf7 Qa4 37. Rhc1 Bf8 38. Bxc5 Bxc5 39. Rxc5 Rb2+ 40. Kg3 Qd4 41. R5c2 Qe3 42. Rxb2 Qxc1 43. Qd7 Qg5+ 44. Qg4 Qc1 45. Qd7 Qg5+ 46. Qg4 Qc1 47. Qd7 1/2-1/2

[Event "EYCC Girls-U14 2019"]
[Site "Bratislava"]
[Date "2019.08.04"]
[Round "3.24"]
[White "Lorente Serrano, Rosa Adela"]
[Black "Gasparyan, Milena"]
[Result "1/2-1/2"]
[ECO "A01"]
[WhiteElo "1788"]
[BlackElo "1498"]
[Annotator "NA"]
[PlyCount "86"]
[EventDate "2019.08.02"]
[EventType "swiss"]
[EventCountry "SVK"]
[SourceTitle "playchess.com"]
[Source "ChessBase"]
[SourceQuality "1"]
[TimeControl "40/5400+30:1800+30"]

1. b3 e5 2. Bb2 Nc6 3. c4 Nf6 4. e3 g6 5. Nf3 d6 6. d3 Bg7 7. Nbd2 O-O 8. a3 Nd7 9. b4 Qe7 10. Qc2 f5 11. b5 Nd8 12. Be2 Nf6 13. O-O Ne6 14. Nb3 Bd7 15. a4 Kh8 16. Rac1 g5 17. c5 g4 18. Nfd2 f4 19. d4 Ng5 20. dxe5 dxe5 21. exf4 exf4 22. Rfe1 Qf7 23. f3 Qh5 24. c6 bxc6 25. bxc6 g3 26. Nf1 Bf5 27. Bd3 Nxf3+ 28. gxf3 gxh2+ 29. Nxh2 Qg6+ 30. Qg2 Bxd3 31. Nc5 Bf5 32. Re7 Rf7 33. Rce1 Rg8 34. Qxg6 Bxg6 35. Kf1 Nd5 36. Bxg7+ Rfxg7 37. Rxg7 Rxg7 38. Ng4 h5 39. Ne5 Bf5 40. Kf2 Ne3 41. Rh1 Rg2+ 42. Ke1 Nc2+ 43. Kf1 Ne3+ 1/2-1/2

[Event "EYCC Girls-U14 2019"]
[Site "Bratislava"]
[Date "2019.08.05"]
[Round "4.1"]
[White "Wikar, Martyna"]
[Black "Allahverdiyeva, Ayan"]
[Result "1/2-1/2"]
[ECO "C12"]
[WhiteElo "2020"]
[BlackElo "2114"]
[Annotator "NA"]
[PlyCount "64"]
[EventDate "2019.08.02"]
[EventType "swiss"]
[EventCountry "SVK"]
[SourceTitle "playchess.com"]
[Source "ChessBase"]
[SourceQuality "1"]
[TimeControl "40/5400+30:1800+30"]

1. e4 e6 2. d4 d5 3. Nc3 Nf6 4. Bg5 Bb4 5. e5 h6 6. Bd2 Bxc3 7. bxc3 Ne4 8. Qg4 Kf8 9. Bc1 c5 10. Bd3 Nxc3 11. dxc5 Qa5 12. Bd2 Qa4 13. Qh5 Ne4 14. Nf3 Nxd2 15. Nxd2 Nd7 16. O-O Qf4 17. Nf3 g6 18. Qh3 Nxe5 19. Nxe5 Qxe5 20. Rae1 Qc3 21. Re3 Qxc5 22. Qh4 Qe7 23. Qd4 Rg8 24. c4 dxc4 25. Bxc4 Bd7 26. Rfe1 Rc8 27. Bb3 a5 28. a4 Ke8 29. Qf4 Qg5 30. Qd6 Qc5 31. Qf4 Qg5 32. Qd6 Qc5 1/2-1/2

[Event "EYCC Girls-U14 2019"]
[Site "Bratislava"]
[Date "2019.08.05"]
[Round "4.2"]
[White "Lhotska, Anna"]
[Black "Anacoglu, Cisel"]
[Result "0-1"]
[ECO "A11"]
[WhiteElo "1922"]
[BlackElo "1869"]
[Annotator "NA"]
[PlyCount "108"]
[EventDate "2019.08.02"]
[EventType "swiss"]
[EventCountry "SVK"]
[SourceTitle "playchess.com"]
[Source "ChessBase"]
[SourceQuality "1"]
[TimeControl "40/5400+30:1800+30"]

1. c4 c6 2. Nf3 d5 3. e3 Nf6 4. Nc3 Bf5 5. cxd5 cxd5 6. Qb3 Bc8 7. d4 e6 8. Bd3 Nc6 9. O-O Be7 10. Bd2 O-O 11. Rfc1 Bd7 12. Ne5 Qb6 13. Na4 Qxb3 14. axb3 Rfc8 15. Nxc6 Bxc6 16. b4 Ne4 17. Be1 Bxa4 18. Rxc8+ Rxc8 19. Rxa4 g6 20. f3 Rc1 21. fxe4 Rxe1+ 22. Kf2 Rd1 23. Be2 Rd2 24. Rxa7 dxe4 25. Rxb7 Bd6 26. g3 Rxb2 27. b5 h5 28. Rd7 Bf8 29. Rd8 Kg7 30. h3 Be7 31. Rd7 Bg5 32. d5 exd5 33. Rxd5 Kf6 34. h4 Bh6 35. Rd6+ Ke5 36. Rd7 f5 37. Rh7 Bf8 38. Rc7 Bd6 39. Rc6 Ke6 40. Kf1 Ke7 41. Kf2 Bxg3+ 42. Kxg3 Rxe2 43. Kf4 Kf7 44. b6 Rb2 45. Rc7+ Kf6 46. Rc6+ Kf7 47. Ke5 Rb5+ 48. Kd6 f4 49. exf4 e3 50. Rc1 Rxb6+ 51. Kd5 Re6 52. Re1 e2 53. Kd4 Kf6 54. Kd3 Kf5 0-1

[Event "EYCC Girls-U14 2019"]
[Site "Bratislava"]
[Date "2019.08.05"]
[Round "4.3"]
[White "Sumarriva Paulin, Laura"]
[Black "Yakimova, Mariya"]
[Result "0-1"]
[ECO "E61"]
[WhiteElo "1861"]
[BlackElo "2250"]
[Annotator "NA"]
[PlyCount "98"]
[EventDate "2019.08.02"]
[EventType "swiss"]
[EventCountry "SVK"]
[SourceTitle "playchess.com"]
[Source "ChessBase"]
[SourceQuality "1"]
[TimeControl "40/5400+30:1800+30"]

1. d4 Nf6 2. c4 g6 3. Nc3 Bg7 4. Bg5 d6 5. h3 O-O 6. Nf3 c5 7. e3 h6 8. Bh4 g5 9. Bg3 Qb6 10. Qd2 Bf5 11. Be2 Nc6 12. O-O Ne4 13. Nxe4 Bxe4 14. d5 Nb4 15. Ne1 Rab8 16. f3 Bh7 17. e4 f5 18. a3 Na6 19. Rb1 fxe4 20. fxe4 Bxe4 21. Rxf8+ Rxf8 22. Bd3 Qb3 23. Qe2 Bxd3 24. Nxd3 Qxc4 25. Qe6+ Kh8 26. Nf2 Nc7 27. Qxe7 Nxd5 28. Qxd6 Nf4 29. Bxf4 Qxf4 30. Qxf4 gxf4 31. Ne4 Bd4+ 32. Kf1 b6 33. Ke2 Kg7 34. Kf3 Kg6 35. Nd6 a6 36. Nc4 b5 37. Nd2 c4 38. Ne4 Kf5 39. Nd6+ Ke5 40. Ne4 Rc8 41. Nf2 Bxf2 42. Kxf2 Rd8 43. Re1+ Kf5 44. g4+ fxg3+ 45. Kxg3 Rd2 46. Rb1 Kg5 47. a4 Rd3+ 48. Kg2 Rb3 49. axb5 axb5 0-1

[Event "EYCC Girls-U14 2019"]
[Site "Bratislava"]
[Date "2019.08.05"]
[Round "4.4"]
[White "Hakobyan, Astghik"]
[Black "Toncheva, Nadya"]
[Result "1-0"]
[ECO "B38"]
[WhiteElo "1863"]
[BlackElo "2087"]
[Annotator "NA"]
[PlyCount "73"]
[EventDate "2019.08.02"]
[EventType "swiss"]
[EventCountry "SVK"]
[SourceTitle "playchess.com"]
[Source "ChessBase"]
[SourceQuality "1"]
[TimeControl "40/5400+30:1800+30"]

1. e4 c5 2. Nf3 Nc6 3. d4 cxd4 4. Nxd4 g6 5. c4 Bg7 6. Be3 Nf6 7. Nc3 O-O 8. Be2 d6 9. O-O Bd7 10. Re1 Nxd4 11. Bxd4 Bc6 12. Bd3 Nd7 13. Bxg7 Kxg7 14. Qd2 a5 15. Rac1 Qb6 16. Nd5 Bxd5 17. exd5 Ne5 18. Bf1 Rfc8 19. b3 Rc7 20. Re3 Kg8 21. Be2 Re8 22. f4 Nd7 23. Kh1 Qc5 24. f5 Nf6 25. fxg6 hxg6 26. Rf1 Nh7 27. Rh3 Nf8 28. Qf4 f5 29. Qh4 e5 30. Qh8+ Kf7 31. g4 f4 32. g5 Ree7 33. Qf6+ Ke8 34. Bd3 Rg7 35. Rh8 Rcf7 36. Rxf8+ Rxf8 37. Qxg7 1-0

[Event "EYCC Girls-U14 2019"]
[Site "Bratislava"]
[Date "2019.08.05"]
[Round "4.5"]
[White "Nur-Mukhametova, Alisa"]
[Black "Nadzamova, Viktoria"]
[Result "1-0"]
[ECO "A05"]
[WhiteElo "2126"]
[BlackElo "1854"]
[Annotator "NA"]
[PlyCount "85"]
[EventDate "2019.08.02"]
[EventType "swiss"]
[EventCountry "SVK"]
[SourceTitle "playchess.com"]
[Source "ChessBase"]
[SourceQuality "1"]
[TimeControl "40/5400+30:1800+30"]

1. Nf3 Nf6 2. g3 d5 3. Bg2 e6 4. O-O Bd6 5. d3 b6 6. e4 dxe4 7. Ng5 Bb7 8. Nc3 O-O 9. Ngxe4 Nxe4 10. Nxe4 Nc6 11. d4 Na5 12. b3 f5 13. Nxd6 Bxg2 14. Kxg2 cxd6 15. Qe2 Qf6 16. Bf4 Nc6 17. c3 e5 18. Qc4+ Kh8 19. Qxc6 exf4 20. Qf3 Rac8 21. Rac1 fxg3 22. fxg3 Rce8 23. Rce1 Rxe1 24. Rxe1 Qg5 25. h4 Qf6 26. d5 Kg8 27. Re6 Qd8 28. Qf4 Rf6 29. Qg5 Kf8 30. Rxf6+ gxf6 31. Qxf5 Qe7 32. Qe6 Qxe6 33. dxe6 Ke7 34. Kf3 Kxe6 35. Kg4 Ke7 36. Kf5 d5 37. a4 a6 38. b4 Kf7 39. a5 bxa5 40. bxa5 Ke7 41. g4 Kf7 42. g5 fxg5 43. Kxg5 1-0

[Event "EYCC Girls-U14 2019"]
[Site "Bratislava"]
[Date "2019.08.05"]
[Round "4.6"]
[White "Roebers, Eline"]
[Black "Sovina, Maria"]
[Result "1/2-1/2"]
[ECO "B33"]
[WhiteElo "2069"]
[BlackElo "1757"]
[Annotator "NA"]
[PlyCount "93"]
[EventDate "2019.08.02"]
[EventType "swiss"]
[EventCountry "SVK"]
[SourceTitle "playchess.com"]
[Source "ChessBase"]
[SourceQuality "1"]
[TimeControl "40/5400+30:1800+30"]

1. e4 c5 2. Nf3 Nc6 3. d4 cxd4 4. Nxd4 Nf6 5. Nc3 e5 6. Ndb5 d6 7. Bg5 a6 8. Na3 b5 9. Nd5 Be7 10. Bxf6 Bxf6 11. c3 Bg5 12. Be2 O-O 13. O-O Ne7 14. c4 Nxd5 15. Qxd5 Be6 16. Qd1 b4 17. Nc2 Qb6 18. b3 f5 19. Bf3 Ra7 20. Qe2 a5 21. exf5 Bxf5 22. Be4 Bxe4 23. Qxe4 a4 24. Rad1 axb3 25. axb3 Ra2 26. Rd5 Ra5 27. Rxa5 Qxa5 28. Qg4 Be7 29. Qe6+ Rf7 30. Ra1 Qb6 31. Ne3 g6 32. Qd5 Bg5 33. Qd3 Ra7 34. Rxa7 Qxa7 35. g3 Bxe3 36. fxe3 Qa1+ 37. Kf2 Qb2+ 38. Kf3 Qxh2 39. Qxd6 Qh1+ 40. Kf2 Qh2+ 41. Kf3 Qh1+ 42. Ke2 e4 43. Qe6+ Kg7 44. Qe7+ Kg8 45. Qe8+ Kg7 46. Qe7+ Kg8 47. Qe8+ 1/2-1/2

[Event "EYCC Girls-U14 2019"]
[Site "Bratislava"]
[Date "2019.08.05"]
[Round "4.7"]
[White "Hrebenshchykova, Yelyzaveta"]
[Black "Bondareva, Daria"]
[Result "0-1"]
[ECO "A88"]
[WhiteElo "1955"]
[BlackElo "1998"]
[Annotator "NA"]
[PlyCount "138"]
[EventDate "2019.08.02"]
[EventType "swiss"]
[EventCountry "SVK"]
[SourceTitle "playchess.com"]
[Source "ChessBase"]
[SourceQuality "1"]
[TimeControl "40/5400+30:1800+30"]

1. Nf3 d6 2. d4 g6 3. c4 Bg7 4. Nc3 f5 5. g3 Nf6 6. Bg2 O-O 7. O-O c6 8. b3 Qc7 9. Ba3 Rd8 10. Qc2 Nbd7 11. Rad1 Nf8 12. Rfe1 Rb8 13. Bb2 Re8 14. h3 Bd7 15. e4 fxe4 16. Nxe4 Nxe4 17. Qxe4 b5 18. cxb5 cxb5 19. Qe2 e6 20. Rc1 Qb6 21. b4 Bc6 22. Qd2 Bd5 23. Ng5 Bc4 24. d5 e5 25. a4 Qb7 26. Ne4 Red8 27. h4 Kh8 28. Ng5 h6 29. Nh3 Nd7 30. Qc2 Bxd5 31. Bxd5 Qxd5 32. Qxg6 Nf8 33. Qg4 Qe6 34. Qxe6 Nxe6 35. a5 Rbc8 36. Kg2 Rc4 37. Ba3 Nd4 38. Rxc4 bxc4 39. Rc1 Rc8 40. Bb2 Nb5 41. f3 d5 42. Nf2 d4 43. Kf1 Nd6 44. Ke2 e4 45. Ba1 e3 46. Ne4 Nxe4 47. fxe4 c3 48. Kd3 Rf8 49. b5 Be5 50. b6 axb6 51. axb6 Rf2 52. b7 Rd2+ 53. Kc4 Kh7 54. Kd5 Bb8 55. e5 e2 56. Re1 Kg8 57. Ke6 c2 58. Bb2 Kf8 59. Kd7 Bxe5 60. Ba3+ Kf7 61. Bd6 Bxd6 62. Kxd6 c1=Q 63. b8=Q Qa3+ 64. Kd5 Qf3+ 65. Kc5 Rc2+ 66. Kxd4 Rd2+ 67. Kc4 Qd5+ 68. Kc3 Qd4+ 69. Kb3 Rb2+ 0-1

[Event "EYCC Girls-U14 2019"]
[Site "Bratislava"]
[Date "2019.08.05"]
[Round "4.8"]
[White "Kiousi, Panagiota"]
[Black "Kirchei, Viktoriia"]
[Result "0-1"]
[ECO "A46"]
[WhiteElo "1895"]
[BlackElo "2006"]
[Annotator "NA"]
[PlyCount "76"]
[EventDate "2019.08.02"]
[EventType "swiss"]
[EventCountry "SVK"]
[SourceTitle "playchess.com"]
[Source "ChessBase"]
[SourceQuality "1"]
[TimeControl "40/5400+30:1800+30"]

1. d4 Nf6 2. Nf3 e6 3. g3 d5 4. Bg2 Be7 5. c4 O-O 6. O-O dxc4 7. Qa4 a6 8. Qxc4 b5 9. Qc2 Bb7 10. Bd2 Be4 11. Qc1 c6 12. e3 Nbd7 13. Nc3 Bg6 14. Nh4 Rc8 15. Nxg6 hxg6 16. Qd1 Qb6 17. a4 c5 18. Ne2 b4 19. a5 Qb8 20. dxc5 Nxc5 21. Nd4 Rfd8 22. Rc1 Nfe4 23. f4 Nxd2 24. Qxd2 Nb3 25. Rxc8 Qxc8 26. Qf2 Nxd4 27. exd4 Rxd4 28. Kh1 Qd8 29. Rc1 Rd2 30. Qf1 Rxb2 31. Qxa6 Qd2 32. Qa8+ Kh7 33. Rf1 b3 34. a6 Bc5 35. Qf3 Rc2 36. Rd1 Rc1 37. Rxc1 Qxc1+ 38. Qf1 b2 0-1

[Event "EYCC Girls-U14 2019"]
[Site "Bratislava"]
[Date "2019.08.05"]
[Round "4.9"]
[White "Zhou, Lulu"]
[Black "Zeliantsova, Kseniya"]
[Result "0-1"]
[ECO "B38"]
[WhiteElo "1944"]
[BlackElo "1907"]
[Annotator "NA"]
[PlyCount "74"]
[EventDate "2019.08.02"]
[EventType "swiss"]
[EventCountry "SVK"]
[SourceTitle "playchess.com"]
[Source "ChessBase"]
[SourceQuality "1"]
[TimeControl "40/5400+30:1800+30"]

1. e4 c5 2. Nf3 Nc6 3. d4 cxd4 4. Nxd4 g6 5. c4 Bg7 6. Be3 Nf6 7. Nc3 d6 8. Be2 O-O 9. O-O Bd7 10. f3 Nxd4 11. Bxd4 Bc6 12. Qd2 a5 13. b3 Nd7 14. Bf2 Nc5 15. Rab1 e6 16. Rfc1 Be5 17. a3 f5 18. exf5 Rxf5 19. b4 axb4 20. axb4 Na4 21. Ne4 Bxe4 22. fxe4 Rxf2 23. Kxf2 Qh4+ 24. Kf1 Qxh2 25. Bf3 Nc3 26. Rb2 Qh1+ 27. Kf2 Qh4+ 28. Kg1 Nxe4 29. Bxe4 Qxe4 30. Rb3 Bf4 31. Qe1 Qd4+ 32. Kh1 Bxc1 33. Qxc1 Ra1 34. Rb1 Rxb1 35. Qxb1 Qxc4 36. Qa1 Qxb4 37. Qf6 Qe1+ 0-1

[Event "EYCC Girls-U14 2019"]
[Site "Bratislava"]
[Date "2019.08.05"]
[Round "4.10"]
[White "Tarasenka, Aliaksandra"]
[Black "Rubinshtein, Kamilla"]
[Result "1-0"]
[ECO "B12"]
[WhiteElo "2231"]
[BlackElo "1799"]
[Annotator "NA"]
[PlyCount "59"]
[EventDate "2019.08.02"]
[EventType "swiss"]
[EventCountry "SVK"]
[SourceTitle "playchess.com"]
[Source "ChessBase"]
[SourceQuality "1"]
[TimeControl "40/5400+30:1800+30"]

1. e4 c6 2. d4 d5 3. e5 c5 4. dxc5 e6 5. Nf3 Bxc5 6. Bd3 Ne7 7. O-O Nbc6 8. Nbd2 Ng6 9. Nb3 Bb6 10. Qe2 O-O 11. Bg5 Qc7 12. Rae1 Bd7 13. Bd2 Rfc8 14. h4 h6 15. h5 Nge7 16. c3 a5 17. Bb1 a4 18. Nc1 Nf5 19. g4 Ng3 20. Qd3 Nxf1 21. Qh7+ Kf8 22. Kxf1 Ne7 23. Bd3 Ng8 24. g5 hxg5 25. Nxg5 Qc5 26. Be3 Qc7 27. h6 Nxh6 28. Qh8+ Ke7 29. Qxg7 Rh8 30. Qf6+ 1-0

[Event "EYCC Girls-U14 2019"]
[Site "Bratislava"]
[Date "2019.08.06"]
[Round "5.1"]
[White "Anacoglu, Cisel"]
[Black "Yakimova, Mariya"]
[Result "0-1"]
[ECO "B30"]
[WhiteElo "1869"]
[BlackElo "2250"]
[Annotator "NA"]
[PlyCount "94"]
[EventDate "2019.08.02"]
[EventType "swiss"]
[EventCountry "SVK"]
[SourceTitle "playchess.com"]
[Source "ChessBase"]
[SourceQuality "1"]
[TimeControl "40/5400+30:1800+30"]

1. e4 c5 2. Nf3 Nc6 3. Bb5 e5 4. Bxc6 bxc6 5. O-O d6 6. h3 Be7 7. c3 f5 8. exf5 Bxf5 9. d3 Nf6 10. Na3 O-O 11. Nc4 Nd5 12. Re1 Qe8 13. Ne3 Be6 14. Nf1 Qg6 15. Kh1 Nf4 16. Bxf4 Rxf4 17. N1h2 Raf8 18. Re3 c4 19. dxc4 Bxc4 20. b3 Bd5 21. c4 Bxf3 22. Rxf3 Rxf3 23. gxf3 Bh4 24. Qe2 Qf5 25. Qf1 Qc2 26. Qg2 Qxf2 27. Qxf2 Bxf2 28. Rd1 Bc5 29. Kg2 Kf7 30. Nf1 Ke6 31. Ng3 d5 32. cxd5+ cxd5 33. Rc1 Kd6 34. Rd1 Bd4 35. Ne2 Be3 36. Nc3 d4 37. Nb5+ Ke6 38. Na3 Rf6 39. Nc4 Bf4 40. Kf2 Kd5 41. Rg1 g6 42. Ke2 e4 43. fxe4+ Kxe4 44. Rd1 Rf5 45. Rg1 d3+ 46. Kd1 Rh5 47. Rh1 Kf3 0-1

[Event "EYCC Girls-U14 2019"]
[Site "Bratislava"]
[Date "2019.08.06"]
[Round "5.2"]
[White "Kirchei, Viktoriia"]
[Black "Nur-Mukhametova, Alisa"]
[Result "0-1"]
[ECO "C03"]
[WhiteElo "2006"]
[BlackElo "2126"]
[Annotator "NA"]
[PlyCount "136"]
[EventDate "2019.08.02"]
[EventType "swiss"]
[EventCountry "SVK"]
[SourceTitle "playchess.com"]
[Source "ChessBase"]
[SourceQuality "1"]
[TimeControl "40/5400+30:1800+30"]

1. e4 e6 2. d4 d5 3. Nd2 Be7 4. Ngf3 Nf6 5. e5 Nfd7 6. Bd3 c5 7. c3 Nc6 8. O-O g5 9. dxc5 Ndxe5 10. Bb5 Bd7 11. Nb3 Nxf3+ 12. Qxf3 Ne5 13. Bxd7+ Nxd7 14. Re1 Nxc5 15. Bxg5 Bxg5 16. Nxc5 Qe7 17. Qg3 O-O-O 18. Nd3 Rhg8 19. Qh3 Qc7 20. a4 Kb8 21. a5 a6 22. Ra4 Rg7 23. Qg3 Qxg3 24. hxg3 Be7 25. Nf4 Bd6 26. Re3 Rc8 27. Rf3 Rg4 28. Rd4 Bc5 29. Rd1 Rc7 30. Kh2 Bd6 31. Kh3 Rg5 32. Re1 Rc4 33. b3 Re4 34. Rfe3 Rxe3 35. Rxe3 d4 36. Rd3 Rxa5 37. Rxd4 Kc7 38. Ne2 Re5 39. Nf4 Rc5 40. Ne2 Re5 41. Nf4 Rc5 42. Ne2 b5 43. b4 Re5 44. Nf4 Re1 45. Kg4 Kc6 46. Rd2 Re4 47. Kg5 Be5 48. Ne2 Bg7 49. Kh5 Re5+ 50. Kg4 Rd5 51. Ra2 Kb6 52. Kf3 Bxc3 53. Nxc3 Rd3+ 54. Ke4 Rxc3 55. Rb2 f6 56. Kd4 Rc4+ 57. Kd3 h5 58. f4 e5 59. Ke3 a5 60. bxa5+ Kxa5 61. Ra2+ Kb6 62. Rd2 Kc5 63. Rd8 Rc3+ 64. Kf2 b4 65. Rc8+ Kd4 66. Rf8 b3 67. Rxf6 b2 68. Rd6+ Kc5 0-1